 Dungeon Crawl Stone Soup version 0.30.1-11-g7821555f0a (webtiles) character file.

Game seed: 10197080539870934034

112 aleksiErkki the Ducker (level 4, -3/33 HPs)
             Began as a Felid Berserker on Oct 28, 2023.
             Was a Believer of Trog.
             Slain by a gnoll bouda
             ... wielding a +0 club
              (6 damage)
             ... on level 3 of the Dungeon.
             The game lasted 00:24:47 (2922 turns).

aleksiErkki the Ducker (Felid Berserker)            Turns: 2922, Time: 00:24:47

Health: -3/33      AC:  1    Str: 13    XL:     4   Next: 64%
Magic:  5/5        EV: 20    Int:  8    God:    Trog [**....]
Gold:   94         SH:  0    Dex: 18    Spells: 3/3 levels left
                                        Lives:  0   Deaths: 1

rFire   + .          .
                       - Unarmed
rCold   . . .        (shield unavailable)
rNeg    . . .        (body armour unavailable)
rPois   .            (helmet unavailable)
rElec   .            (cloak unavailable)
rCorr   .            (gloves unavailable)
SInv    +            (boots unavailable)
Will    .....        k - amulet of faith Stlth
                     j - ring of protection from fire
HPRegen 0.25/turn    (no ring)
MPRegen 0.09/turn

%: faith
@: berserking, weakened, very quick
A: very small, claws 1, fangs 3, see invisible, speed 1, shaggy fur 1, stealthy
paws, no weapons or thrown items, no armour, multi-lived
a: Renounce Religion, Berserk, Trog's Hand


You were on level 3 of the Dungeon.
You worshipped Trog.
Trog was pleased with you.
You visited 1 branch of the dungeon, and saw 4 of its levels.

You collected 204 gold pieces.
You spent 110 gold pieces at shops.

Inventory:

Armour
 m - a +1 cloak
Jewellery
 h - an amulet of the acrobat
 j - a ring of protection from fire (left paw)
 k - an amulet of faith (around neck)
Scrolls
 a - a scroll of enchant weapon
 c - a scroll of immolation
 e - 6 scrolls of teleportation
 l - a scroll of blinking
 n - 6 scrolls of identify
Potions
 b - a potion of berserk rage
 d - a potion of ambrosia
 f - a potion of resistance
 g - a potion of degeneration {unknown}
 i - a potion of heal wounds
 o - a potion of might {unknown}


   Skills:
 * Level 3.6 Fighting
 * Level 5.2 Dodging
 * Level 2.9 Stealth
 * Level 4.9 Unarmed Combat


You had 3 spell levels left.
You didn't know any spells.
Your spell library was empty.

Dungeon Overview and Level Annotations

Branches:
Dungeon (4/15)
 Temple: D:4-7

Altars:

Shops:
D:1 [   D:3 :?


Innate Abilities, Weirdness & Mutations

You have sharp claws.
You have razor-sharp teeth.
You have supernaturally acute eyesight. (SInv)
You cover ground quickly. (Speed+)
You are covered in fur. (AC +1)
Your paws help you pounce on unaware monsters.
You are incapable of wielding weapons or throwing items.
You cannot wear armour.
You gain extra lives every three experience levels.


Message History

You die...
The gnoll bouda barely misses you.
You are now level 4!
You rejoin the land of the living...
The gnoll bouda barks out a call to the hunt!
The gnoll picks up the pace!
The gnoll misses you.
You scratch the gnoll.
The gnoll is lightly wounded.
You claw the gnoll!
The gnoll is severely wounded.
The gnoll hits you with a +0 whip!
A red film seems to cover your vision as you go berserk!
You feel yourself moving faster!
You feel mighty! The gnoll completely misses you.
You claw the gnoll!
You kill the gnoll!
Trog accepts your kill.
The gnoll bouda gazes fiercely through you!
You feel your attacks grow feeble.
The gnoll bouda hits you with a +0 club!
You scratch the gnoll bouda.
The gnoll bouda is lightly wounded.
You barely miss the gnoll bouda.
The gnoll bouda is lightly wounded.
The gnoll bouda hits you with a +0 club!
* * * LOW HITPOINT WARNING * * *
You claw the gnoll bouda!
The gnoll bouda is heavily wounded.
The gnoll bouda completely misses you.
You are too berserk!
You closely miss the gnoll bouda.
The gnoll bouda is heavily wounded.
You completely miss the gnoll bouda.
The gnoll bouda is heavily wounded.
The gnoll bouda barely misses you.
You scratch the gnoll bouda.
The gnoll bouda is heavily wounded.
The gnoll bouda hits you with a +0 club.
You die...

####.#####.#.# #..###.# #.#
#.#.# ##.# #.# #.# #.#.# #.#
#.# #.# #.#.# #.# #g# #.#
#.#.# #.# #># #.#
##.#.#######.###g# #.#
##....##..........#
#.###..#.....)....##..#
#####.........##@#######..##
...รท..#####.#.##g# #...#.#
#####.# #....#.#####.#..##
#.# #..#.#.##.......# #.#
##...#.##.......# #####.#
###.#.##.....(.# ....#.#
#.#...<......# ###.#.#
#.####.......# #.#.# #.#
#.......#


You could see a gnoll bouda.

Vanquished Creatures
  Crazy Yiuf (D:3)
  Jessica (D:3)
  Terence (D:3)
  A gnoll (D:3)
  5 adders
  A white imp (D:3)
  2 worms (D:2)
  4 dart slugs
  2 orcs (D:3)
  3 ball pythons
  5 endoplasms
  A giant cockroach (D:3)
  5 goblins
  4 hobgoblins
  2 jackals (D:3)
  7 kobolds
  A quokka (D:2)
  7 bats
  4 frilled lizards
  6 rats
63 creatures vanquished.

Notes
Turn   | Place    | Note
-------+----------+-------------------------------------------
     0 | D:1      | aleksiErkki the Felid Berserker began the quest for the
                  | Orb.
     0 | D:1      | Reached XP level 1. HP: 10/10 MP: 2/2
   242 | D:1      | Found Otowaph's Antique Armour Boutique.
   253 | D:1      | Reached XP level 2. HP: 14/14 MP: 3/3
   517 | D:1      | Reached skill level 1 in Stealth
  1007 | D:2      | Reached XP level 3. HP: 17/17 MP: 4/4
  1795 | D:2      | Reached ** piety under Trog
  1969 | D:3      | Noticed Jessica
  2007 | D:3      | Killed Jessica
  2008 | D:3      | Reached XP level 4. HP: 15/21 MP: 5/5
  2162 | D:3      | Found a runed translucent door.
  2163 | D:3      | Noticed Crazy Yiuf
  2185 | D:3      | Killed Crazy Yiuf
  2236 | D:3      | Found Unwodw Noudd's Magic Scroll Boutique.
  2243 | D:3      | Bought a scroll of identify for 22 gold pieces
  2243 | D:3      | Bought 2 scrolls of identify for 44 gold pieces
  2243 | D:3      | Bought a scroll of identify for 22 gold pieces
  2243 | D:3      | Bought a scroll of identify for 22 gold pieces
  2357 | D:3      | Reached XP level 5. HP: 24/24 MP: 6/6
  2567 | D:3      | Reached skill level 5 in Dodging
  2724 | D:3      | Found Xoetetry's Book Emporium.
  2724 | D:3      | Noticed Terence
  2731 | D:3      | Killed Terence
  2879 | D:3      | Slain by a gnoll
  2880 | D:3      | Reached XP level 4. HP: 0/31 MP: 5/5
  2922 | D:3      | Slain by a gnoll bouda

Illustrated notes

Levels and vault maps discovered:
D:1:      lightli_arrival_lavapool, layout_basic, serial_shops, shop,
          minmay_misc_feat_nine_boxes
D:2:      layout_loops_ring, minmay_puff
D:3:      layout_loops_ring, serial_shops, shop, shop, grunt_ministairs_10,
          nicolae_eternal_life, uniq_crazy_yiuf_cottage, uniq_terence,
          uniq_jessica
D:4:      layout_loops_ring, marbit_many_paths, eat_drink_and_be_merry_uskayaw,
          uniq_edmund

Skill      XL: |  1  2  3  4  5 |
---------------+----------------+-----
Stealth        | 1 2 |  2.9
Unarmed Combat | 4 |  4.9
Dodging        | 5 |  5.2
Fighting       | |  3.6

Action                     |  1- 3 |  4- 6 || total
---------------------------+-------+-------++-------
  Melee: Unarmed           |    93 |    79 ||   172
         Bite              |     6 |     7 ||    13
         Punch             |     2 |     2 ||     4
 Invoke: Berserk           |     3 |     4 ||     7
         Trog's Hand       |       |     2 ||     2
    Use: Scroll            |     8 |     1 ||     9
         Potion            |       |     1 ||     1
   Stab: Sleeping          |     4 |     3 ||     7
 Armour: Skin              |     6 |     1 ||     7
  Dodge: Dodged            |    68 |    45 ||   113
